[Event "Titled Tuesday Blitz January 17 Early 2023"]
[White "Bodnaruk, Anastasia"]
[Black "Urazayev, Arystanbek"]
[WhiteFideId "4181751"]
[BlackFideId "13709810"]
[WhiteElo "2350"]
[BlackElo "2460"]
[Result "0-1"]
[Round "09"]
[TimeControl "180+2"]
[Date "2023.01.17"]
[WhiteClock "0:00:05"]
[BlackClock "0:01:32"]

1. e4 c5 2. Nc3 e6 3. g3 d5 4. Bg2 d4 5. Nce2 Nf6 6. d3 Nc6 7. f4 Be7 8. Nf3 O-O 9. O-O b5 10. a4 Ba6 11. e5 Nd5 12. g4 bxa4 13. Ng3 c4 14. dxc4 Bxc4 15. Re1 Ne3 16. Bxe3 dxe3 17. Qc1 Bc5 18. Ne4 Bb6 19. Nd6 Bd5 20. c4 Bxf3 21. Bxf3 Qh4 22. Kh1 Nb4 23. Be4 Bc5 24. Qd1 Qf2 25. Qf3 Qxf3+ 26. Bxf3 Rad8 27. Rad1 Nc2 28. Re2 Nb4 29. Kg2 f6 30. Ra1 fxe5 31. fxe5 Nd3 32. Rxa4 Nxe5 33. Kg3 Rxf3+ 0-1


[Site "https://www.chess.com"]

[Event "Titled Tuesday Blitz January 17 Early 2023"]
[White "Royal, Shreyas"]
[Black "Harsha Bharathakoti"]
[WhiteFideId "448869"]
[BlackFideId "5078776"]
[WhiteElo "2438"]
[BlackElo "2602"]
[Result "0-1"]
[Round "09"]
[TimeControl "180+2"]
[Date "2023.01.17"]
[WhiteClock "0:00:16"]
[BlackClock "0:00:11"]

1. d4 Nf6 2. c4 c5 3. d5 e6 4. Nc3 exd5 5. cxd5 d6 6. Nf3 g6 7. Bf4 a6 8. a4 Bg7 9. h3 O-O 10. e3 Ne8 11. Be2 Nd7 12. O-O Ne5 13. Re1 Rb8 14. a5 Qe7 15. Bh2 Nxf3+ 16. Bxf3 b5 17. axb6 Rxb6 18. Qd2 Bd7 19. Ra5 Nc7 20. Rea1 Be5 21. Bxe5 Qxe5 22. Be2 Rfb8 23. R1a2 Bb5 24. f4 Qe8 25. e4 Bxe2 26. Qxe2 Nb5 27. Rxa6 Nd4 28. Qf2 Kg7 29. Ra7 R8b7 30. Ra8 Qe7 31. Kh2 Qf6 32. Qd2 Rb3 33. R8a3 R3b4 34. Ra4 Rb3 35. R4a3 g5 36. e5 dxe5 37. fxg5 Qf5 38. Rxb3 Rxb3 39. d6 e4 40. Qe3 Qe5+ 41. Qg3 Qxg3+ 42. Kxg3 Nf5+ 43. Kf4 Nxd6 44. Ke5 Nc4+ 45. Kf5 e3 46. Ke4 Kg6 47. h4 Kh5 48. Kd3 Nxb2+ 49. Kc2 Rxc3+ 50. Kxc3 e2 51. Kd2 Nd3 52. g4+ Kxh4 53. Ra1 e1=Q+ 54. Rxe1 Nxe1 55. g6 hxg6 0-1


[Site "https://www.chess.com"]

[Event "Titled Tuesday Blitz January 17 Early 2023"]
[White "Andreev, Eduard"]
[Black "Borges Feria, Yasel"]
[WhiteFideId "14103400"]
[BlackFideId "3504921"]
[WhiteElo "2413"]
[BlackElo "2439"]
[Result "1/2-1/2"]
[Round "09"]
[TimeControl "180+2"]
[Date "2023.01.17"]
[WhiteClock "0:00:18"]
[BlackClock "0:00:18"]

1. e4 c6 2. d4 d5 3. Nd2 dxe4 4. Nxe4 Bf5 5. Ng3 Bg6 6. Nf3 Nd7 7. h4 h6 8. h5 Bh7 9. Bd3 Bxd3 10. Qxd3 e6 11. Bf4 Qa5+ 12. Bd2 Qb6 13. O-O-O Ngf6 14. c4 Rd8 15. Qe2 Bb4 16. Bxb4 Qxb4 17. Ne5 O-O 18. Ne4 Nxe4 19. Qxe4 f6 20. Ng6 Qxc4+ 21. Kb1 Rfe8 22. Rhe1 Qd5 23. Qg4 Nf8 24. Nf4 Qf5+ 25. Qxf5 exf5 26. Rxe8 Rxe8 27. f3 Kf7 28. Kc2 Ne6 29. Nxe6 Rxe6 30. Kd3 f4 31. Rh1 Re3+ 32. Kd2 Ke6 33. Rh4 Kf5 34. Rg4 Re7 35. Kc3 Rd7 36. Kc4 Re7 37. Kc3 Rc7 38. Kc4 Rd7 39. b4 Ke6 40. Rxf4 Rd5 41. g4 a5 42. a3 axb4 43. axb4 b5+ 44. Kc3 f5 45. Kd3 Kf6 46. gxf5 Rxf5 47. Rg4 Rxf3+ 48. Ke4 Rc3 49. Rg6+ Kf7 50. Rd6 Rc4 51. Ke5 Ke7 52. Rg6 Kf7 53. Rd6 Ke7 54. Rg6 Kf7 55. Rd6 1/2-1/2


[Site "https://www.chess.com"]

[Event "Titled Tuesday Blitz January 17 Early 2023"]
[White "Cherniaiev, Tykhon"]
[Black "Djokovic, Nebojsa"]
[WhiteFideId "14182360"]
[BlackFideId "938300"]
[WhiteElo "2330"]
[BlackElo "2119"]
[Result "1-0"]
[Round "09"]
[TimeControl "180+2"]
[Date "2023.01.17"]
[WhiteClock "0:00:12"]
[BlackClock "0:00:04"]

1. Nf3 Nf6 2. d4 e6 3. c4 Bb4+ 4. Bd2 Qe7 5. g3 Nc6 6. Bg2 Bxd2+ 7. Nbxd2 d6 8. O-O e5 9. d5 Nb8 10. e4 a5 11. a3 a4 12. b3 axb3 13. Nxb3 b6 14. Qc2 Bd7 15. Nfd2 Ba4 16. Qc3 O-O 17. Nc1 Na6 18. Nd3 Rfb8 19. Rfb1 b5 20. cxb5 Bxb5 21. a4 Bxd3 22. Rxb8+ Rxb8 23. Qxd3 Nc5 24. Qc2 Qd7 25. a5 Ra8 26. Nb3 Na6 27. Qc4 Qd8 28. Bf1 Nd7 29. Qc6 Nb4 30. Qa4 Na6 31. Rc1 Ndc5 32. Nxc5 Nxc5 33. Qb4 Qb8 34. Qxb8+ Rxb8 35. a6 Ra8 36. Ra1 Ra7 37. f3 Kf8 38. Kf2 Ke7 39. Rb1 Kd7 40. Ke3 c6 41. Rb6 cxd5 42. exd5 Kc7 43. Rc6+ Kd7 44. Bb5 Ke7 45. Rb6 f6 46. Kd2 f5 47. Ke3 g5 48. f4 gxf4+ 49. gxf4 e4 50. h4 h5 51. Be2 Na4 52. Rb7+ Rxb7 53. axb7 Nc3 54. b8=Q Nxd5+ 55. Kd4 Nxf4 56. Qc7+ Ke8 57. Bb5+ Kf8 58. Qxd6+ Kg7 59. Qxf4 Kf6 60. Bd7 Ke7 61. Bxf5 Kd8 62. Qd6+ Ke8 63. Bg6# 1-0


[Site "https://www.chess.com"]

[Event "Titled Tuesday Blitz January 17 Early 2023"]
[White "Mikhailovsky, Vladimir"]
[Black "Divya Deshmukh"]
[WhiteFideId "34105414"]
[BlackFideId "35006916"]
[WhiteElo "2215"]
[BlackElo "2372"]
[Result "1-0"]
[Round "09"]
[TimeControl "180+2"]
[Date "2023.01.17"]
[WhiteClock "0:00:56"]
[BlackClock "0:00:18"]

1. e4 c5 2. c3 Nf6 3. e5 Nd5 4. Nf3 Nc6 5. Bc4 Nb6 6. Bb3 d6 7. exd6 Qxd6 8. O-O Bg4 9. Bxf7+ Kd8 10. h3 Bxf3 11. Qxf3 Ne5 12. Qf5 g6 13. Qe6 Nxf7 14. Qxf7 Bh6 15. d4 Bxc1 16. Rxc1 cxd4 17. Rd1 e5 18. cxd4 Rf8 19. Qxb7 Rb8 20. Qxa7 exd4 21. Nc3 Ra8 22. Qb7 Rb8 23. Qe4 Rf4 24. Qe2 Nd7 25. Nb5 Qc5 26. a4 Rb6 27. Rac1 Qb4 28. Rc8+ Kxc8 29. Qe8+ 1-0


[Site "https://www.chess.com"]

[Event "Titled Tuesday Blitz January 17 Early 2023"]
[White "Harshavardhan G B"]
[Black "Janaszak, Dawid"]
[WhiteFideId "25059009"]
[BlackFideId "1119206"]
[WhiteElo "2408"]
[BlackElo "2316"]
[Result "1-0"]
[Round "09"]
[TimeControl "180+2"]
[Date "2023.01.17"]
[WhiteClock "0:00:18"]
[BlackClock "0:00:03"]

1. Nf3 d5 2. g3 Nf6 3. Bg2 c5 4. O-O e6 5. d3 Nc6 6. Nbd2 d4 7. a4 Be7 8. Nc4 O-O 9. e4 dxe3 10. Bxe3 Nd5 11. Bd2 Bf6 12. c3 b6 13. Qe2 Bb7 14. h4 h6 15. h5 Re8 16. Nh2 Bg5 17. f4 Be7 18. Ng4 Qc7 19. Nge5 Nf6 20. Rf2 Na5 21. Nxa5 bxa5 22. c4 Rab8 23. Bc3 Bf8 24. g4 Nd7 25. g5 hxg5 26. Bxb7 Rxb7 27. Nxd7 Qxd7 28. fxg5 e5 29. Qe4 Rc7 30. Raf1 Qh3 31. g6 f6 32. Rh2 Qe6 33. Bxa5 Rd7 34. Bc3 Red8 35. Rf3 Rd4 36. Bxd4 Rxd4 37. Qe2 e4 38. Re3 Bd6 39. Rxe4 Bxh2+ 40. Kxh2 Qd6+ 41. Kg2 Qc6 42. Qf3 Rd8 43. Re7 Qb6 44. Qd5+ Kh8 45. b3 1-0


[Site "https://www.chess.com"]

[Event "Titled Tuesday Blitz January 17 Early 2023"]
[White "Mahdavi, Reza"]
[Black "Kamalidenova, Meruert"]
[WhiteFideId "12595926"]
[BlackFideId "13712802"]
[WhiteElo "2339"]
[BlackElo "2350"]
[Result "1-0"]
[Round "09"]
[TimeControl "180+2"]
[Date "2023.01.17"]
[WhiteClock "0:01:14"]
[BlackClock "0:01:48"]

1. e4 c5 2. Nf3 d6 3. Bb5+ Bd7 4. Bxd7+ Qxd7 5. O-O Nf6 6. Re1 Nc6 7. c3 g6 8. d4 cxd4 9. cxd4 Bg7 10. Nc3 O-O 11. d5 Na5 12. e5 dxe5 13. Nxe5 Qd6 14. Qa4 b6 15. b4 Nb7 16. Qc6 Nd8 17. Qxa8 Qxb4 18. Bd2 Qa3 19. Nc6 Ne6 20. Qxa7 1-0


[Site "https://www.chess.com"]

[Event "Titled Tuesday Blitz January 17 Early 2023"]
[White "Belov, Alexei"]
[Black "Rohith Krishna S"]
[WhiteFideId "4128206"]
[BlackFideId "46617051"]
[WhiteElo "2421"]
[BlackElo "2385"]
[Result "0-1"]
[Round "09"]
[TimeControl "180+2"]
[Date "2023.01.17"]
[WhiteClock "0:00:13"]
[BlackClock "0:00:26"]

1. e4 e5 2. Nf3 Nc6 3. Bb5 a6 4. Ba4 Nf6 5. d4 exd4 6. O-O b5 7. Bb3 d6 8. Ng5 Ne5 9. f4 Nc4 10. e5 dxe5 11. fxe5 Ng4 12. Qf3 Ngxe5 13. Qxa8 h6 14. Bxc4 hxg5 15. Qe4 f6 16. Be2 Bd6 17. Nd2 g4 18. g3 c5 19. c3 Qc7 20. cxd4 cxd4 21. Nb3 Bb7 22. Qxd4 Qc6 23. Kf2 Rxh2+ 24. Ke1 Qg2 25. Rf2 Qg1+ 26. Rf1 Qxg3+ 27. Kd1 Qg2 28. Re1 Bf3 29. Bxf3 Qc2# 0-1


[Site "https://www.chess.com"]

[Event "Titled Tuesday Blitz January 17 Early 2023"]
[White "Krivonosov, Oleg"]
[Black "Garakov, Mikhael"]
[WhiteFideId "11600349"]
[BlackFideId "4169034"]
[WhiteElo "2359"]
[BlackElo "2447"]
[Result "1/2-1/2"]
[Round "09"]
[TimeControl "180+2"]
[Date "2023.01.17"]
[WhiteClock "0:00:05"]
[BlackClock "0:00:04"]

1. Nf3 c5 2. c4 Nf6 3. Nc3 b6 4. g3 Bb7 5. Bg2 e6 6. O-O Be7 7. d4 cxd4 8. Qxd4 d6 9. Bg5 a6 10. Rfd1 Nbd7 11. Nd2 Bxg2 12. Kxg2 Rc8 13. Nde4 Rc6 14. Nxf6+ Nxf6 15. Ne4 Nxe4 16. Qxe4 Rc7 17. Bxe7 Rxe7 18. Qc6+ Rd7 19. Rxd6 Ke7 20. Rxd7+ Qxd7 21. Qxb6 Rc8 22. b3 Rc6 23. Qb4+ Ke8 24. Qb8+ Ke7 25. Qe5 f6 26. Qe4 Kf7 27. Rc1 Rc5 28. Rc3 Re5 29. Rd3 Qc7 30. Qxh7 Qc6+ 31. Rf3 Rxe2 32. a4 Rb2 33. Qd3 a5 34. h4 Kg8 35. h5 Ra2 36. h6 f5 37. hxg7 Kxg7 38. Qc3+ Kf7 39. Qxa5 Re2 40. Qb5 Qd6 41. c5 Qd1 42. Qb7+ Kf6 43. Qb8 Re1 44. Qh8+ Kf7 45. Qh7+ Kf6 46. Qh6+ Kf7 47. Qh2 Qe2 48. Qh7+ Kf6 49. Qh8+ Kf7 50. Qh7+ Kf6 51. Qh4+ Kf7 52. Qh7+ 1/2-1/2


[Site "https://www.chess.com"]

[Event "Titled Tuesday Blitz January 17 Early 2023"]
[White "Melian, Juan Sebastian"]
[Black "Aradhya, Garg"]
[WhiteFideId "3706575"]
[BlackFideId "25006746"]
[WhiteElo "2293"]
[BlackElo "2284"]
[Result "1/2-1/2"]
[Round "09"]
[TimeControl "180+2"]
[Date "2023.01.17"]
[WhiteClock "0:00:04"]
[BlackClock "0:00:25"]

1. d4 d5 2. c4 c6 3. Nf3 Nf6 4. e3 Bf5 5. Bd3 Bxd3 6. Qxd3 e6 7. O-O Nbd7 8. Nc3 Bb4 9. Bd2 a5 10. a3 Be7 11. e4 Nc5 12. dxc5 dxe4 13. Qe3 exf3 14. gxf3 O-O 15. Kh1 Bxc5 16. Qxc5 Qxd2 17. Rg1 Qd3 18. Rg3 Qf5 19. Qe3 Rad8 20. Rag1 g6 21. Rg5 Qc2 22. Qf4 Nd7 23. Ne4 Qxb2 24. Rh5 f5 25. Ng5 Qe5 26. Qh4 gxh5 27. Qxh5 Qg7 28. Nxe6 Qxg1+ 29. Kxg1 Nf6 30. Qg5+ Kf7 31. Nxd8+ Rxd8 32. Qxf5 Rd4 33. c5 Rd5 34. Qc2 h5 35. f4 Nd7 36. Qh7+ Kf6 37. Qh6+ Kf7 38. Qh7+ Kf6 39. Qh6+ Kf7 40. Kg2 Nxc5 41. Qh7+ Kf6 42. Qh6+ Kf7 43. Qh7+ Kf6 44. f3 Ne6 45. Kg3 b5 46. Qh8+ Ng7 47. Qc8 Nf5+ 48. Kf2 Rd6 49. Qf8+ Ke6 50. Qg8+ Kf6 51. Qf8+ Ke6 52. Qg8+ Kf6 53. Qf8+ 1/2-1/2


[Site "https://www.chess.com"]

[Event "Titled Tuesday Blitz January 17 Early 2023"]
[White "Martin Duque, Jesus"]
[Black "Ashraf, Artin"]
[WhiteFideId "2208954"]
[BlackFideId "22514805"]
[WhiteElo "2386"]
[BlackElo "2314"]
[Result "0-1"]
[Round "09"]
[TimeControl "180+2"]
[Date "2023.01.17"]
[WhiteClock "0:00:40"]
[BlackClock "0:00:22"]

1. Nf3 c5 2. b3 d5 3. e3 a6 4. Bb2 Nc6 5. d4 cxd4 6. Nxd4 Nf6 7. g3 Bg4 8. Qd2 Nxd4 9. Qxd4 Bf3 10. Rg1 e6 11. Nd2 Bh5 12. g4 Bg6 13. Bd3 Rc8 14. g5 Bc5 15. Qa4+ Nd7 16. Bxg7 Rg8 17. Bf6 Qc7 18. h4 b5 19. Qxa6 Bxd3 20. cxd3 Nxf6 21. Qxb5+ Nd7 22. Rc1 Qb6 23. Qa4 Ke7 24. Ke2 Ra8 25. Qf4 Rxa2 26. Ra1 Bd6 27. Qf3 Rga8 28. Rad1 Qxb3 29. h5 Qc3 30. g6 Ne5 0-1


[Site "https://www.chess.com"]

[Event "Titled Tuesday Blitz January 17 Early 2023"]
[White "Tanenbaum, Zachary"]
[Black "Pein, Jonathan"]
[WhiteFideId "2060850"]
[BlackFideId "417092"]
[WhiteElo "2261"]
[BlackElo "2265"]
[Result "1-0"]
[Round "09"]
[TimeControl "180+2"]
[Date "2023.01.17"]
[WhiteClock "0:00:55"]
[BlackClock "0:00:14"]

1. e4 e5 2. Nf3 d6 3. d4 exd4 4. Nxd4 Nf6 5. Nc3 g6 6. Be3 Bg7 7. f3 O-O 8. Qd2 Nc6 9. O-O-O Nxd4 10. Bxd4 Be6 11. h4 c5 12. Be3 Qa5 13. Bh6 Bxh6 14. Qxh6 Bxa2 15. Rxd6 Be6 16. e5 Qa1+ 17. Kd2 Rfd8 18. exf6 Rxd6+ 19. Bd3 Rxd3+ 20. Kxd3 Bc4+ 21. Ke3 Re8+ 22. Kf2 Re2+ 23. Nxe2 Qf1+ 24. Rxf1 Bxe2 25. Qg7# 1-0


[Site "https://www.chess.com"]

[Event "Titled Tuesday Blitz January 17 Early 2023"]
[White "Jovic, Stanoje"]
[Black "Costachi, Mihnea"]
[WhiteFideId "905020"]
[BlackFideId "1217518"]
[WhiteElo "2075"]
[BlackElo "2476"]
[Result "0-1"]
[Round "09"]
[TimeControl "180+2"]
[Date "2023.01.17"]
[WhiteClock "0:00:47"]
[BlackClock "0:01:34"]

1. c4 Nf6 2. g3 e5 3. Bg2 c6 4. d4 exd4 5. Qxd4 d5 6. Nf3 Be6 7. cxd5 Qxd5 8. Nc3 Qxd4 9. Nxd4 Bd7 10. e4 Na6 11. e5 Ng4 12. O-O Nxe5 13. Re1 f6 14. f4 Bc5 15. fxe5 Bxd4+ 16. Kh1 Bxe5 17. Bf4 O-O 18. Bxe5 fxe5 19. Rxe5 Rae8 20. Rxe8 Rxe8 21. h3 Nc5 22. Rd1 a5 23. Kh2 Be6 24. a3 Bb3 25. Rd2 Kf7 26. Rf2+ Ke6 27. Re2+ Kd7 28. Rd2+ Kc7 29. h4 Re3 30. Bh3 b5 31. h5 b4 32. axb4 axb4 33. Ne2 Be6 34. Nf4 Bxh3 35. Kxh3 Rxg3+ 36. Kxg3 Ne4+ 37. Kg4 Nxd2 38. Ne6+ Kd6 39. Nxg7 Ke5 40. Kg5 c5 41. Kh6 c4 42. Kxh7 c3 43. bxc3 bxc3 44. h6 c2 45. Kg8 Ne4 0-1


[Site "https://www.chess.com"]

[Event "Titled Tuesday Blitz January 17 Early 2023"]
[White "Bruned, Yvain"]
[Black "Wagner, Dennis"]
[WhiteFideId "2250292"]
[BlackFideId "24650684"]
[WhiteElo "2286"]
[BlackElo "2595"]
[Result "0-1"]
[Round "09"]
[TimeControl "180+2"]
[Date "2023.01.17"]
[WhiteClock "0:00:02"]
[BlackClock "0:00:19"]

1. b3 g6 2. Bb2 Nf6 3. Bxf6 exf6 4. c4 d5 5. cxd5 Qxd5 6. Nc3 Qd8 7. g3 h5 8. h4 c6 9. Bg2 Ba3 10. e3 O-O 11. Nge2 Bg4 12. d4 Bb2 13. f3 Bxa1 14. Qxa1 Be6 15. O-O Na6 16. Ne4 f5 17. Ng5 Bd7 18. Nf4 Qe8 19. e4 f6 20. Ngh3 fxe4 21. fxe4 c5 22. e5 cxd4 23. exf6 Bxh3 24. Nxh3 Qe3+ 25. Kh2 Nc5 26. Ng5 Rad8 27. Re1 Qc3 28. f7+ Kg7 29. Qd1 d3 30. b4 Qxb4 31. Qa1+ Qd4 32. Qb1 b6 33. Rd1 Rd6 34. a3 Rf6 35. Rd2 Rf2 36. Qb4 Qxb4 37. axb4 Rxd2 38. bxc5 Rxf7 39. c6 Rc2 40. Ne6+ Kf6 41. Nd4 Rxg2+ 42. Kxg2 d2 0-1


[Site "https://www.chess.com"]

[Event "Titled Tuesday Blitz January 17 Early 2023"]
[White "Batsiashvili, Nino"]
[Black "Tan, Zhongyi"]
[WhiteFideId "13602993"]
[BlackFideId "8603642"]
[WhiteElo "2467"]
[BlackElo "2517"]
[Result "0-1"]
[Round "09"]
[TimeControl "180+2"]
[Date "2023.01.17"]
[WhiteClock "0:00:11"]
[BlackClock "0:00:38"]

1. d4 Nf6 2. c4 e6 3. Nc3 Bb4 4. Nf3 b6 5. e3 Bb7 6. Bd3 O-O 7. O-O d5 8. cxd5 exd5 9. Ne5 Re8 10. f4 Bxc3 11. bxc3 Ne4 12. c4 f6 13. Nf3 Kh8 14. Nd2 dxc4 15. Bxc4 Nd7 16. Nf3 Nd6 17. Bb3 Be4 18. Nd2 Bd3 19. Rf3 c5 20. Bd5 Rc8 21. Rh3 cxd4 22. exd4 Bf5 23. g4 Be6 24. Bxe6 Rxe6 25. d5 Re7 26. Ba3 Nc5 27. Qb1 Qg8 28. Qf1 Qxd5 29. Rd1 Qd4+ 30. Kh1 Nde4 31. Rxh7+ Kxh7 32. Qh3+ Kg8 33. Nxe4 Qxd1+ 34. Kg2 Qe2+ 35. Kg3 Qe3+ 0-1


[Site "https://www.chess.com"]

[Event "Titled Tuesday Blitz January 17 Early 2023"]
[White "Agasarov, Benik"]
[Black "Guliev, Logman"]
[WhiteFideId "13314823"]
[BlackFideId "13400061"]
[WhiteElo "2235"]
[BlackElo "2250"]
[Result "1-0"]
[Round "09"]
[TimeControl "180+2"]
[Date "2023.01.17"]
[WhiteClock "0:02:01"]
[BlackClock "0:00:08"]

1. d4 Nf6 2. c4 e6 3. Nf3 Bb4+ 4. Nc3 O-O 5. Bg5 h6 6. Bh4 b6 7. e4 d6 8. Bd3 e5 9. O-O Bxc3 10. bxc3 Bg4 11. h3 Bxf3 12. Qxf3 Nbd7 13. Qe3 Re8 14. f4 exf4 15. Qxf4 g5 16. Bxg5 hxg5 17. Qxg5+ Kh8 18. e5 dxe5 19. Qh6+ Kg8 20. Rf5 Nh7 21. Rh5 e4 22. Qxh7+ Kf8 23. Rf1 Nf6 24. Qh6+ 1-0


[Site "https://www.chess.com"]

[Event "Titled Tuesday Blitz January 17 Early 2023"]
[White "Bychkov, Vladimir"]
[Black "Arabidze, Meri"]
[WhiteFideId "24151513"]
[BlackFideId "13604040"]
[WhiteElo "2225"]
[BlackElo "2441"]
[Result "0-1"]
[Round "09"]
[TimeControl "180+2"]
[Date "2023.01.17"]
[WhiteClock "0:00:16"]
[BlackClock "0:00:22"]

1. Nf3 f5 2. c4 Nf6 3. Nc3 e6 4. d4 Bb4 5. g3 b6 6. Bg2 Bb7 7. Bd2 O-O 8. Nb1 Be7 9. Bg5 Ne4 10. Bxe7 Qxe7 11. Nfd2 Nc3 12. Nxc3 Bxg2 13. Rg1 Bb7 14. e3 d6 15. Qe2 Nd7 16. h4 c5 17. h5 Nf6 18. h6 g6 19. O-O-O Rac8 20. Kb1 Ng4 21. f3 Nxh6 22. Rh1 Nf7 23. Rh2 Ng5 24. d5 exd5 25. cxd5 Rce8 26. f4 Nf7 27. e4 Bc8 28. Rdh1 h6 29. e5 dxe5 30. fxe5 Qxe5 31. Qxe5 Rxe5 32. Nc4 Re7 33. d6 Re6 34. Nb5 Ba6 35. a4 h5 36. Rd1 Rd8 37. b3 Bxb5 38. axb5 Ng5 39. Ra2 Rd7 40. Rd5 Ne4 41. Kc1 Nc3 42. Rad2 Nxd5 43. Rxd5 Kg7 44. Kd2 Kf6 45. Rd3 g5 46. Kc3 h4 47. gxh4 gxh4 48. Rd1 f4 49. Rg1 Kf5 50. Rg8 h3 51. Rh8 Kg4 52. Rg8+ Kh5 53. Rh8+ Rh6 54. Rxh6+ Kxh6 55. Ne5 Rxd6 0-1


[Site "https://www.chess.com"]

[Event "Titled Tuesday Blitz January 17 Early 2023"]
[White "Volkov, Maksim"]
[Black "Papayan, Oleg"]
[WhiteFideId "54123070"]
[BlackFideId "4193911"]
[WhiteElo "2258"]
[BlackElo "2253"]
[Result "1-0"]
[Round "09"]
[TimeControl "180+2"]
[Date "2023.01.17"]
[WhiteClock "0:02:18"]
[BlackClock "0:01:09"]

1. d4 Nf6 2. c4 e6 3. g3 d5 4. Nf3 dxc4 5. Bg2 c5 6. O-O Nc6 7. dxc5 Qxd1 8. Rxd1 Bxc5 9. Nbd2 c3 10. bxc3 O-O 11. Ne1 Rd8 12. Nd3 Be7 13. Rb1 Nd5 14. Bb2 Bd7 15. Nb3 Rac8 16. Ndc5 b6 17. Nb7 Re8 18. c4 Rc7 19. cxd5 exd5 20. Rxd5 Rxb7 21. Rxd7 Rxd7 22. Bxc6 Rd1+ 23. Rxd1 1-0


[Site "https://www.chess.com"]

[Event "Titled Tuesday Blitz January 17 Early 2023"]
[White "Rios Escobar, Adan"]
[Black "Subelj, Jan"]
[WhiteFideId "3403645"]
[BlackFideId "14618583"]
[WhiteElo "2234"]
[BlackElo "2513"]
[Result "0-1"]
[Round "09"]
[TimeControl "180+2"]
[Date "2023.01.17"]
[WhiteClock "0:00:01"]
[BlackClock "0:00:42"]

1. d4 b6 2. g3 Bb7 3. Nf3 h5 4. Bg2 Qc8 5. h3 h4 6. g4 e6 7. c4 Ne7 8. Nc3 Ng6 9. O-O Bb4 10. Qd3 d6 11. Nb1 d5 12. cxd5 exd5 13. Nc3 O-O 14. Bg5 Re8 15. Nxh4 Ba6 16. Qc2 Bxc3 17. Nxg6 Bxd4 18. Ne7+ Rxe7 19. Bxe7 c6 20. Rfd1 Be5 21. Rac1 Qe6 22. Bh4 Bb7 23. b4 Nd7 24. b5 c5 25. Qf5 g6 26. Qxe6 fxe6 27. e3 a6 28. a4 axb5 29. axb5 Ra5 30. f4 Bg7 31. f5 gxf5 32. gxf5 Kf7 33. Bf3 exf5 34. Bxd5+ Bxd5 35. Rxd5 Ne5 36. Rf1 Ke6 37. Rd8 Rxb5 38. Re8+ Kf7 39. Re7+ Kg6 40. Re6+ Kf7 41. Re7+ Kg6 42. Re6+ Kh5 43. Bg3 f4 44. Rxf4 Rb1+ 45. Kg2 Rb2+ 46. Kg1 Rb1+ 47. Kg2 Rb2+ 48. Bf2 Ng6 49. Rf5+ Kh6 50. e4 Bd4 51. Ref6 Bxf6 52. Rxf6 Kg7 53. Rf5 Nh4+ 0-1


[Site "https://www.chess.com"]

[Event "Titled Tuesday Blitz January 17 Early 2023"]
[White "Dimitrov, Atanas"]
[Black "Aldokhin, Ivan"]
[WhiteFideId "2901315"]
[BlackFideId "24115720"]
[WhiteElo "2269"]
[BlackElo "2413"]
[Result "0-1"]
[Round "09"]
[TimeControl "180+2"]
[Date "2023.01.17"]
[WhiteClock "0:00:01"]
[BlackClock "0:00:05"]

1. Nf3 Nf6 2. c4 g6 3. Nc3 Bg7 4. e3 d6 5. Be2 O-O 6. O-O e5 7. b3 e4 8. Nd4 c5 9. Nc2 Nc6 10. Bb2 h5 11. d3 exd3 12. Bxd3 Ng4 13. h3 Nge5 14. Be2 Qh4 15. f4 Bxh3 16. Qe1 Qxe1 17. Raxe1 Bf5 18. e4 Nd4 19. Nxd4 cxd4 20. Nd5 Bxe4 21. fxe5 dxe5 22. Ne7+ Kh7 23. Bxh5 Bc2 24. Bf3 f5 25. Bxb7 Rae8 26. Nd5 e4 27. Nb4 Bxb3 28. axb3 Rb8 29. Nc6 Rxb7 30. Bxd4 Rc8 31. Bxg7 Rxc6 32. Bd4 Rxb3 33. Bxa7 Rxc4 34. Re2 Kh6 35. Be3+ Kh5 36. Kh2 Rcc3 37. Rfe1 g5 38. g3 Rd3 39. Bf2 Kg4 40. Kg2 Rf3 41. Rc2 Rfd3 42. Ree2 Rd5 43. Rc4 Rdd3 44. Rc8 Rd6 45. Re8 Rbd3 46. Rg8 Rd2 47. Kf1 Rxe2 48. Kxe2 Ra6 49. Kf1 Ra2 50. Be3 Kf3 51. Bxg5 Ra1+ 0-1


[Site "https://www.chess.com"]

[Event "Titled Tuesday Blitz January 17 Early 2023"]
[White "Rozman, Levy"]
[Black "Martynov, Pavel"]
[WhiteFideId "2039877"]
[BlackFideId "4101260"]
[WhiteElo "2322"]
[BlackElo "2414"]
[Result "1-0"]
[Round "09"]
[TimeControl "180+2"]
[Date "2023.01.17"]
[WhiteClock "0:00:13"]
[BlackClock "0:00:03"]

1. e4 c5 2. a3 d5 3. exd5 Qxd5 4. Nf3 a6 5. Nc3 Qd8 6. Bc4 e6 7. d4 cxd4 8. Qxd4 Qxd4 9. Nxd4 Nf6 10. Bf4 b5 11. Ncxb5 axb5 12. Nxb5 Na6 13. O-O-O Bd7 14. Rhe1 Bc5 15. Nd6+ Kf8 16. f3 Kg8 17. Ne4 Nxe4 18. Rxd7 Nf6 19. Rb7 h5 20. b4 Bd4 21. Rd1 e5 22. Bg5 Kh7 23. Rxf7 Kg6 24. Bxf6 gxf6 25. Rb7 Rhc8 26. Bd3+ Kg5 27. Rg7+ Kf4 28. Kd2 Rg8 29. Rxg8 Rxg8 30. g3+ Kxf3 31. Bxa6 Kg2 32. Bc4 Rh8 33. c3 Bg1 34. Bd5+ Kxh2 35. Ke2 h4 36. gxh4 Rxh4 37. a4 Rh3 38. Kd2 Be3+ 39. Kc2 f5 40. a5 f4 41. Rh1+ Kg3 42. Rxh3+ Kxh3 43. b5 Kg3 44. Kd3 f3 45. Kxe3 1-0


[Site "https://www.chess.com"]

[Event "Titled Tuesday Blitz January 17 Early 2023"]
[White "Gurvich, Vitaly"]
[Black "Lymar, Vladislav"]
[WhiteFideId "24164852"]
[BlackFideId "14162180"]
[WhiteElo "2278"]
[BlackElo "2119"]
[Result "0-1"]
[Round "09"]
[TimeControl "180+2"]
[Date "2023.01.17"]
[WhiteClock "0:00:08"]
[BlackClock "0:00:07"]

1. e4 c5 2. d4 cxd4 3. c3 dxc3 4. Nxc3 Nc6 5. Nf3 e6 6. Bc4 a6 7. O-O b5 8. Bb3 Na5 9. Bf4 Nxb3 10. Qxb3 Ne7 11. Rac1 Ng6 12. Bc7 Qxc7 13. Nxb5 Qxc1 14. Rxc1 axb5 15. Qxb5 Be7 16. a4 Ba6 17. Qb6 O-O 18. g3 Rfb8 19. Qd4 Rc8 20. Rxc8+ Rxc8 21. h4 Nf8 22. b4 Rc4 23. Qb6 Rc1+ 24. Kh2 Rc6 25. Qa5 Bc8 26. b5 Rc2 27. Qa8 d5 28. Nd4 Rc7 29. Nc6 Bc5 30. Qb8 Bd6 31. Qb6 Nd7 32. Qe3 Bc5 33. Qd2 Nf6 34. Qa5 Ne8 35. e5 d4 36. Kg2 Bb7 37. Kf1 Bxc6 38. bxc6 Rxc6 39. Qb5 Rc8 40. a5 Ba7 41. a6 Kf8 42. Qb4+ Bc5 43. Qb5 Rc7 44. h5 h6 45. Ke2 Ke7 46. f4 Kd8 47. g4 Ke7 48. f5 f6 49. Kd3 fxe5 50. fxe6 Nd6 51. Qb8 e4+ 52. Ke2 Ne8 53. a7 d3+ 54. Kd2 Bxa7 55. Qb4+ Nd6 56. Qxe4 Nxe4+ 57. Kxd3 Nd6 58. Ke2 Kxe6 59. Kf3 Rc3+ 60. Kg2 Bd4 61. Kh1 Be5 62. Kg2 Ne4 63. Kh1 Rg3 64. g5 Nf2+ 65. Kh2 Rxg5# 0-1


[Site "https://www.chess.com"]

[Event "Titled Tuesday Blitz January 17 Early 2023"]
[White "Hirneise, Jens"]
[Black "Starozhilov, Leonid"]
[WhiteFideId "24614734"]
[BlackFideId "14106752"]
[WhiteElo "2277"]
[BlackElo "2313"]
[Result "0-1"]
[Round "09"]
[TimeControl "180+2"]
[Date "2023.01.17"]
[WhiteClock "0:01:15"]
[BlackClock "0:00:11"]

1. c4 Nf6 2. Nc3 g6 3. g3 Bg7 4. Bg2 O-O 5. Nf3 d6 6. O-O c6 7. b3 d5 8. cxd5 cxd5 9. Bb2 Nc6 10. Rc1 Bg4 11. h3 Bxf3 12. exf3 e6 13. f4 a6 14. Na4 Nd7 15. Bxg7 Kxg7 16. h4 h5 17. Nc5 Nxc5 18. Rxc5 Qf6 19. Qa1 Nd4 20. Kh2 Rac8 21. Rc3 Nb5 22. Rxc8 Qxa1 23. Rxa1 Rxc8 24. a4 Nd4 25. Rb1 Rc2 26. Kg1 Rxd2 27. b4 Ne2+ 28. Kh2 Nc3 29. Rc1 d4 30. a5 Rxf2 31. Kh1 Rb2 32. Bxb7 Rxb4 33. Bxa6 Ra4 34. Bd3 Rxa5 35. Kg2 Ra2+ 36. Kf3 Ra3 37. Kg2 Nd5 38. Be4 Ne3+ 39. Kg1 d3 40. Bf3 d2 41. Rb1 Rc3 42. Kf2 Rc1 43. Rb3 d1=Q 44. Bxd1 Nxd1+ 45. Ke2 Ra1 46. Rd3 Nb2 47. Rb3 Nc4 48. Rb4 Nd6 0-1


[Site "https://www.chess.com"]